 Dungeon Crawl Stone Soup version 0.31-a0-810-ga77100ea1a (webtiles) character file.

Game seed: 16486399653386945999

1504043 MrSquiggles the Metallomancer (level 27, 230/230 HPs)
             Began as a Formicid Earth Elementalist on Sept 18, 2023.
             Was the Champion of Cheibriados.
             Escaped with the Orb
             ... and 3 runes on Sept 21, 2023!
             The game lasted 06:58:09 (89698 turns).

MrSquiggles the Metallomancer (FoEE)               Turns: 89698, Time: 06:58:10

Health: 230/230    AC: 31    Str: 38    XL:     27
Magic:  48/48      EV: 30    Int: 40    God:    Cheibriados [******]
Gold:   5369       SH: 31    Dex: 35    Spells: 7/69 levels left

rFire   + + +        a - +3 Elemental Staff {ele, rElec rF+ rC+ AC+3}
rCold   + + .        Y - +5 tower shield {reflect}
rNeg    + . .        S - +7 swamp dragon scales
rPois   +            (helmet unavailable)
rElec   +            r - +2 cloak {Stlth+}
rCorr   .            Z - +2 pair of gloves {Dex+3}
SInv    +            T - +1 pair of boots of Paugeera {Drain rF+ Dex+3 SInv}
Will    +++++        x - amulet of Greed {RegenMP Contam rF+ Str+3 Slay+3}
Stlth   ++           o - ring "Lysotat" {rF+ rC+ Will++ Str-3 Stlth+}
HPRegen 0.58/turn    K - ring of Qekaceyg {Fly rN+ Str+6}
MPRegen 0.71/turn

%: reflection
@: flying, studying 2 skills, very slow
A: permanent stasis, dig shafts and tunnels, antennae 3, four strong arms,
strong-willed 1, poison resistance
0: Orb of Zot
}: 3/15 runes: decaying, silver, gossamer
a: Dig, Shaft Self, Renounce Religion, Bend Time, Temporal Distortion, Slouch,
Step From Time


You escaped.
You worshipped Cheibriados.
Cheibriados was exalted by your worship.
You visited 11 branches of the dungeon, and saw 51 of its levels.
You also visited: Trove, Sewer, Bailey, Gauntlet, Volcano and Wizlab.

You collected 10142 gold pieces.
You spent 4773 gold pieces at shops.

Inventory:

Hand Weapons
 a - the +3 Elemental Staff (weapon) {ele, rElec rF+ rC+ AC+3}
   (You acquired it on level 3 of the Spider Nest)

   AC+3:      It affects your AC (+3).
   rF+:       It protects you from fire.
   rC+:       It protects you from cold.
   rElec:     It insulates you from electricity.
 E - a +9 dagger of electrocution
Missiles
 l - 12 curare-tipped darts
 X - 3 throwing nets
Armour
 r - a +2 cloak of stealth (worn)
 S - +7 swamp dragon scales (worn)
 T - the +1 pair of boots of Paugeera (worn) {Drain rF+ Dex+3 SInv}
   (You bought it in a shop on level 4 of the Depths)

   Dex+3:     It affects your dexterity (+3).
   rF+:       It protects you from fire.
   SInv:      It lets you see invisible.
   Drain:     It drains your maximum health when unequipped.
 Y - a +5 tower shield of reflection (worn)
 Z - a +2 pair of gloves of dexterity (worn)
Jewellery
 j - an amulet of magic regeneration
 o - the ring "Lysotat" (left hand) {rF+ rC+ Will++ Str-3 Stlth+}
   (You took it off a minotaur in a Gauntlet)

   [ring of protection from fire]

   Str-3:     It affects your strength (-3).
   rF+:       It protects you from fire.
   rC+:       It protects you from cold.
   Will++:    It greatly increases your willpower.
   Stlth+:    It makes you more stealthy.
 w - a ring of wizardry
 x - an amulet of Greed (around neck) {RegenMP Contam rF+ Str+3 Slay+3}
   (You found it on level 3 of the Realm of Zot)

   [amulet of magic regeneration]

   RegenMP:   It increases your rate of magic regeneration.
   Str+3:     It affects your strength (+3).
   Slay+3:    It affects your accuracy & damage with ranged weapons and melee
   (+3).
   rF+:       It protects you from fire.
   Contam:    It causes magical contamination when unequipped.
 K - the ring of Qekaceyg (right hand) {Fly rN+ Str+6}
   (You acquired it on level 12 of the Dungeon)

   [ring of strength]

   Str+6:     It affects your strength (+6).
   rN+:       It protects you from negative energy.
   Fly:       It grants you flight.
Wands
 p - a wand of digging (7)
 u - a wand of quicksilver (12)
 G - a wand of flame (104)
 I - a wand of polymorph (4)
 P - a wand of paralysis (49)
 Q - a wand of roots (51)
 U - a wand of mindburst (17)
Scrolls
 c - 4 scrolls of silence
 e - 6 scrolls of immolation
 h - 3 scrolls of enchant weapon
 y - a scroll of fear
 B - 2 scrolls of summoning
 H - 9 scrolls of fog
 L - 5 scrolls of vulnerability
 M - a scroll of brand weapon
 N - 8 scrolls of noise
 O - 10 scrolls of amnesia
 V - 5 scrolls of poison
Potions
 d - 4 potions of resistance
 f - 15 potions of heal wounds
 i - 6 potions of cancellation
 k - 7 potions of lignification
 n - 5 potions of magic
 q - 5 potions of brilliance
 s - 12 potions of curing
 v - 8 potions of mutation
 z - 10 potions of might
 C - 10 potions of enlightenment
 D - 7 potions of ambrosia
 J - 10 potions of attraction
 R - 8 potions of invisibility
Miscellaneous
 b - a phantom mirror
 g - a phial of floods
 t - a tin of tremorstones (2/2)
 A - a lightning rod (4/4)


   Skills:
 + Level 21.7 Fighting
 - Level 15.0 Armour
 - Level 15.0 Dodging
 - Level 8.3 Stealth
 - Level 18.0 Shields
 + Level 21.6 Spellcasting
 - Level 14.9 Conjurations
 - Level 14.9 Summonings
 - Level 10.0 Transmutations
 - Level 4.0 Ice Magic
 + Level 22.0 Earth Magic
 - Level 4.0 Poison Magic
 - Level 14.0 Invocations
 - Level 12.0 Evocations


You had 7 spell levels left.
You knew the following spells:

 Your Spells              Type           Power      Damage    Failure   Level
a - Sandblast             Erth           100%       2d20      0%          1
b - Passwall              Tmut/Erth      100%       N/A       0%          2
c - Petrify               Tmut/Erth      100%       N/A       0%          4
d - Monstrous Menagerie   Summ           52%        N/A       1%          7
e - Lehudib's Crystal Sp  Conj/Erth      68%        10d16     3%          8
f - Iskenderun's Battles  Conj           100%       2d15      1%          5
g - Leda's Unmaking       Conj/Erth      68%        9d11      1%          6
h - Animate Armour        Summ/Erth      100%       N/A       0%          4
i - Summon Lightning Spi  Summ/Air       100%       N/A       1%          4
j - Spellforged Servitor  Conj/Summ      52%        N/A       1%          7
k - Borgnjor's Vile Clut  Necr/Erth      57%        N/A       1%          5
l - Freezing Cloud        Conj/Ice/Air   59%        6-21      2%          5
m - Olgreb's Toxic Radia  Pois           66%        N/A       1%          4

Your spell library contained the following spells:

 Spells                   Type           Power      Damage    Failure   Level
 Magic Dart               Conj           100%       1d8       0%          1
 Summon Small Mammal      Summ           100%       N/A       0%          1
 Call Imp                 Summ           100%       N/A       0%          2
 Searing Ray              Conj           100%       2d8       0%          2
 Call Canine Familiar     Summ           100%       N/A       0%          3
 Stone Arrow              Conj/Erth      100%       3d13      0%          3
 Brom's Barrelling Bould  Conj/Erth      100%       2d11      0%          4
 Lee's Rapid Deconstruct  Erth           73%        3d33*     0%          5
 Apportation              Tloc           86%        N/A       1%          1
 Foxfire                  Conj/Fire      100%       2x1d9     1%          1
 Kiss of Death            Conj/Necr      100%       2d13      1%          1
 Necrotise                Necr           100%       1d9       1%          1
 Shock                    Conj/Air       100%       1d9       1%          1
 Slow                     Hex            100%       N/A       1%          1
 Sting                    Tmut/Pois      100%       1d8       1%          1
 Cigotuvi's Dreadful Rot  Necr/Pois/Air  100%       N/A       1%          2
 Ensorcelled Hibernation  Hex/Ice        100%       N/A       1%          2
 Jinxbite                 Hex            86%        N/A       1%          2
 Lesser Beckoning         Tloc           86%        N/A       1%          2
 Momentum Strike          Conj/Tloc      100%       3d10      1%          2
 Poisonous Vapours        Pois/Air       100%       N/A       1%          2
 Scorch                   Fire           100%       2d9       1%          2
 Static Discharge         Conj/Air       100%       2-7/arc   1%          2
 Wereblood                Tmut           89%        N/A       1%          2
 Frozen Ramparts          Ice            100%       1d16      1%          3
 Hailstorm                Conj/Ice       100%       3d20      1%          3
 Ignite Poison            Fire/Tmut/Pois 88%        N/A       1%          3
 Mephitic Cloud           Conj/Pois/Air  96%        N/A       1%          3
 Ozocubu's Armour         Ice            85%        N/A       1%          3
 Flame Wave               Conj/Fire      100%       2d21      1%          4
 Fulminant Prism          Conj/Hex       40%        3d19      1%          4
 Iskenderun's Mystic Bla  Conj/Tloc      80%        2d16      1%          4
 Leda's Liquefaction      Hex/Erth       57%        N/A       1%          4
 Sticky Flame             Conj/Fire      100%       2d11      1%          4
 Summon Ice Beast         Ice/Summ       100%       N/A       1%          4
 Alistair's Intoxication  Tmut/Pois      52%        N/A       1%          5
 Arcjolt                  Conj/Air       50%        1d60      1%          5
 Fireball                 Conj/Fire      50%        3d20      1%          5
 Irradiate                Conj/Tmut      48%        3d27      1%          5
 Summon Forest            Summ/Tloc      40%        N/A       1%          5
 Summon Mana Viper        Hex/Summ       80%        N/A       1%          5
 Orb of Destruction       Conj           52%        9d13      1%          7
 Summon Hydra             Summ           52%        N/A       1%          7
 Confusing Touch          Hex            43%        N/A       3%          3
 Gell's Gravitas          Tloc           43%        N/A       3%          3
 Inner Flame              Hex/Fire       59%        N/A       3%          3
 Sigil of Binding         Hex            43%        N/A       3%          3
 Teleport Other           Tloc           43%        N/A       3%          3
 Tukima's Dance           Hex            43%        N/A       3%          3
 Vampiric Draining        Necr           43%        2d9       3%          3
 Volatile Blastmotes      Fire/Tloc      100%       2d18      3%          3
 Yara's Violent Unravell  Hex/Tmut       35%        3d14      3%          5
 Conjure Ball Lightning   Conj/Air       50%        3x3d17    8%          6
 Starburst                Conj/Fire      50%        6d14      8%          6
 Eringya's Noxious Bog    Tmut/Pois      39%        4d6       9%          6
 Anguish                  Hex/Necr       21%        N/A       11%         4
 Dimensional Bullseye     Hex/Tloc       21%        N/A       11%         4
 Dispel Undead            Necr           43%        3d17      11%         4
 Manifold Assault         Tloc           43%        N/A       11%         4
 Passage of Golubria      Tloc           43%        N/A       11%         4
 Metabolic Englaciation   Hex/Ice        36%        N/A       13%         5
 Silence                  Hex/Air        29%        N/A       28%         5
 Haunt                    Necr/Summ      40%        N/A       38%         7
 Simulacrum               Ice/Necr       36%        N/A       56%         6
 Plasma Beam              Fire/Air       38%        2x1d52    85%         6
 Ozocubu's Refrigeration  Ice            42%        4d16      86%         7
 Enfeeble                 Hex            21%        N/A       100%        7
 Shatter                  Erth           73%        3d53*     13%         9
 Borgnjor's Revivificati  Necr           21%        N/A       100%        8
 Discord                  Hex            21%        N/A       100%        8
 Ignition                 Fire           29%        3d9       100%        8
 Infestation              Necr           21%        N/A       100%        8
 Death's Door             Necr           21%        N/A       100%        9
 Polar Vortex             Ice            42%        12d5*     100%        9
 Blink                    Tloc           Unusable   N/A       N/A         2
 Swiftness                Air            Unusable   N/A       N/A         3
 Vhi's Electric Charge    Tloc/Air       Unusable   N/A       N/A         4

Dungeon Overview and Level Annotations

Branches:
Dungeon (15/15)            Temple (1/1) D:4            Lair (5/5) D:8
  Swamp (4/4) Lair:2       Spider (4/4) Lair:2        Slime (0/5) Lair:5
    Orc (2/2) D:9             Elf (3/3) Orc:2        Vaults (5/5) D:14
  Crypt (3/3) Vaults:3       Tomb (0/3) Crypt:3      Depths (4/4) D:15
    Zot (5/5) Depths:4      Sewer (visited)          Bailey (visited)
Volcano (visited)          WizLab (visited)         Gauntlet (visited)

Altars:
Ashenzari
Cheibriados
Dithmenos
Elyvilon
Fedhas
Gozag
Hepliaklqana
Kikubaaqudgha
Makhleb
Nemelex Xobeh
Okawaru
Qazlal
Ru
Sif Muna
Trog
Uskayaw
Vehumet
Wu Jian
Xom
Yredelemnul
Zin
The Shining One
Jiyva
Lugonu

Shops:
D:2 [   D:7 =   D:8 ??[[   D:9 !((*?   D:10 ((*!   D:15 =([   Orc:1 [
Orc:2 [=*?   Elf:1 *   Vaults:4 *(   Depths:1 =:=   Depths:4 *:(*

Portals:
Hell: Depths:1 Depths:2 Depths:3 Depths:4
Abyss: Depths:2 Depths:3
Pandemonium: Orc:2 Depths:2
Ziggurat: Depths:3

Annotations:
Lair:5 3 runed translucent doors, Tasoil's ghost, journeyman TrSh
Elf:2 3 runed translucent doors
Vaults:1 3 runed translucent doors, Qecvurom's ghost, adept DrRe
Crypt:2 34 runed doors, Frederick
Depths:2 2 transporters
Depths:4 3 runed translucent doors, exclusion: obsidian statue, Xutext's ghost, adept DsAK


Innate Abilities, Weirdness & Mutations

You cannot be hasted, slowed, berserked, paralysed or teleported.
You can dig through walls and to a lower floor.
You have a pair of large antennae on your head. (SInv)
Your four strong arms can wield two-handed weapons with a shield.
You are strong-willed. (Will+)
Your system is resistant to poisons. (rPois)


Message History

Aim: a plant (lightly damaged, withering away, 100% to hit)
You feel a surge of power!
Zombie hands grab the plant. x4
The zombie hands constrict the plant. x2; The zombie hands constrict the plant! x2
Unknown command.
Unknown command.
Unknown command.
Unknown command.
Okay, then.
Casting: Borgnjor's Vile Clutch (mildly dangerous; 1% risk of failure)
Confirm with . or Enter, or press ? or * to list all spells.
You can't see any susceptible monsters within range! (Use Z to cast anyway.)
Aiming: Sandblast (safe; 0% risk of failure)
Press: ? - help, Q - select action, (/) - cycle Shift-Dir - straight line, f - you, p - plant
Okay, then.
Casting: Sandblast (safe; 0% risk of failure)
Confirm with . or Enter, or press ? or * to list all spells.
Aiming: Leda's Unmaking (mildly dangerous; 1% risk of failure)
Press: ? - help, Shift-Dir - straight line, f/p - plant
Aim: a plant (lightly damaged, withering away, constricted by zombie hands, 100% to hit)
You feel a surge of power!
The entropic shot hits the plant!!!
The plant is heavily damaged.
The zombie hands constrict the plant! x4
Unknown command.
Unknown command.
You sock the plant! You freeze the plant!
The plant is severely damaged.
The zombie hands constrict the plant!!
The zombie hands constrict the plant.
The zombie hands constrict the plant! x2; A nearby plant withers and dies. x2
The zombie hands lose their grip on the plant.
A nearby plant withers and dies.
The zombie hands lose their grip on the plant.
A nearby plant withers and dies.
The zombie hands lose their grip on the plant.
A nearby plant withers and dies.
The zombie hands lose their grip on the plant.
Unknown command.
Unknown command.
There is a staircase leading out of the dungeon here.
You have escaped!

#PP.PP.PP.PP.PP.PP........
#####
#PP.P.PP.P.PP.P.PP........
....#
#PP.P.P.PPP.P.P.PP.#...###
....#
#PP.P.PP.P.PP.P.PP.#...# #
....#
#PP.PP.PP.P........#...#
....#


#PPP.PP.PPP.PP.PPP.##### ....# #PPP.PPP...PPP.PPP.# ....# #PPPP..PPPPP..PPPP.##
....# #PPPPPP..@..PPPPPP..## ##### #PPPPPPPPPPPPPPPPP#..#
####################.#### #............# #......†.....## #..............
#............## # #............## # #............# There were no monsters in
sight!

Vanquished Creatures
  A seraph (D:6)
  2 orbs of fire (Zot:5)
  A dread lich (Vaults:5)
  3 ancient liches
  2 pandemonium lords (Zot:5)
  Boris (Vaults:3)
  Sojobo (Depths:3)
  4 Killer Klowns (Zot:5)
  2 caustic shrikes (Depths:4)
  3 curse toes
  4 golden dragons
  4 electric golems
  5 tentacled monstrosities
  Jorgrun (Orc:2)
  A deep elf master archer (Elf:3)
  9 Orb Guardians (Zot:5)
  4 liches
  A deep elf blademaster (Elf:3)
  A titan (Vaults:4)
  3 quicksilver dragons
  2 sphinxes
  Frances (Swamp:1)
  7 death cobs
  2 thorn hunters
  5 shadow dragons
  2 tengu reavers
  Roxanne (Swamp:2)
  A draconian knight (Zot:1)
  4 storm dragons
  3 revenants
  6 fire giants
  A draconian monk (Zot:1)
  13 vault wardens
  3 draconian scorchers
  2 draconian shifters (Zot:1)
  2 emperor scorpions (Spider:4)
  A balrug (Depths:4)
  5 deep elf sorcerers
  A cacodemon (Zot:5)
  2 frost giants
  3 ghost moths
  3 ghouls
  An orc warlord (Vaults:3)
  2 war gargoyles (Crypt:3)
  3 draconian stormcallers (Zot:5)
  4 deep elf elementalists (Elf:3)
  A draconian annihilator (Zot:1)
  4 ironbound thunderhulks
  2 very ugly things (Depths:2)
  2 angels
  3 formless jellyfish
  7 stone giants
  12 ironbound preservers
  3 vampire knights
  5 green draconians
  8 deep elf demonologists
  6 purple draconians
  8 black draconians
  A lorocyproca (Depths:2)
  2 bunyips (Swamp:3)
  A minotaur (Gauntlet)
  5 deep elf annihilators (Elf:3)
  2 eleionomae
  A dire elephant (shapeshifter) (D:15)
  8 red draconians
  5 white draconians
  5 spark wasps
  11 yellow draconians
  Josephine (Lair:5)
  A dire elephant (Vaults:1)
  10 deep elf death magi
  Snorg (D:10)
  3 eidola
  4 ettins
  5 entropy weavers
  A shambling mangrove (Swamp:3)
  4 crystal guardians
  3 fire dragons
  6 yaktaur captains
  35 vault guards
  2 deep elf high priests
  15 hydras
  2 ice dragons
  4 rakshasas
  4 great orbs of eyes
  Fannar (D:10)
  7 spriggan air magi
  8 ironbound frosthearts
  4 anacondas (Depths:1)
  2 catoblepae
  2 demonspawn (Orc:2)
  A spriggan skeleton (Crypt:3)
  10 centaur warriors
  4 ghost crabs
  8 alligators
  6 boulder beetles
  A death scarab (Gauntlet)
  A boulder beetle (shapeshifter) (D:13)
  4 two-headed ogres
  2 death knights
  8 dancing weapons
  3 tengu warriors
  6 death yaks
  The ghost of pigah the Metamorph, a journeyman OpSh of Gozag (D:12)
  3 vampire magi
  2 naga warriors (Depths:1)
  A sphinx skeleton (Crypt:2)
  3 deep troll earth magi
  4 deep troll shamans
  6 orc high priests
  8 spriggan berserkers
  5 hell knights (Depths:3)
  3 soul eaters
  A sun demon (Depths:4)
  An emperor scorpion zombie (Crypt:1)
  6 deep elf knights
  2 iron trolls (Depths:4)
  A pharaoh ant (Spider:2)
  A salamander mystic (Depths:1)
  20 deep trolls
  A sixfirhy (Orc:2)
  A goliath frog (Lair:5)
  13 skeletal warriors
  A sea snake (Depths:1)
  3 skysharks
  3 spriggan druids
  5 orb spiders
  9 ironbound convokers
  A flayed ghost (Depths:2)
  8 wizards
  7 lindwurms
  2 necromancers
  A bunyip skeleton (Crypt:3)
  2 steelbarb worms
  3 swamp dragons
  3 bog bodies
  Pikel (D:7)
  4 wolf spider zombies
  13 nameless horrors
  A lindwurm (shapeshifter) (Vaults:5)
  10 orc knights
  5 deep elf archers
  22 deep elf pyromancers
  A spectral wolf spider (Spider:3)
  23 ugly things
  9 deep elf zephyrmancers
  A sphinx simulacrum (D:15)
  6 wolf spiders
  12 cyclopes
  6 manticores
  13 orc sorcerers
  2 salamanders (Depths:1)
  12 moths of wrath
  6 will-o-the-wisps
  3 guardian serpents (Depths:1)
  4 fire giant skeletons (Crypt:3)
  18 elephants
  4 naga magi (Depths:1)
  5 black mambas
  19 cane toads
  2 molten gargoyles (WizLab)
  6 vault sentinels
  Maggie (D:7)
  4 gargoyles
  2 torpor snails
  A yellow draconian zombie (Crypt:2)
  8 rime drakes
  Jeremiah (D:6)
  16 yaktaurs
  4 kobold demonologists
  3 unseen horror zombies (D:9)
  An efreet (D:13)
  3 redback zombies (Spider:1)
  A freezing wraith (Crypt:1)
  3 tengu conjurers
  8 komodo dragons
  2 ice devils
  A komodo dragon (shapeshifter) (D:14)
  A meliai (shapeshifter) (D:15)
  3 guardian mummies
  3 meliai
  8 trolls
  A bloated husk (Swamp:1)
  2 hellwings
  13 tarantellas
  A minotaur skeleton (Crypt:2)
  2 polar bears
  A wolf spider simulacrum (D:14)
  13 hornets
  8 tyrant leeches
  A raiju (shapeshifter) (D:14)
  Prince Ribbit (D:6)
  A harpy skeleton (Crypt:3)
  A culicivora zombie (Spider:1)
  26 blink frogs
  A spectral black mamba (Gauntlet)
  10 jumping spiders
  29 slime creatures
  2 water elementals
  7 spriggans
  A black mamba zombie (Crypt:1)
  A vampire (D:11)
  9 culicivoras
  46 yaks
  An unseen horror simulacrum (D:9)
  12 wraiths
  7 fire dragon skeletons (Crypt:3)
  A ynoxinul (Depths:2)
  4 shadows
  4 hogs (D:15)
  2 fire elementals
  2 wyverns
  A human (shapeshifter) (D:15)
  29 redbacks
  Menkaure (D:6)
  Grum (D:8)
  22 vampire mosquitoes
  3 fire bats (Orc:2)
  5 basilisks
  A neqoxec (Orc:2)
  2 chaos spawn (Depths:2)
  4 wargs
  A naga (Depths:1)
  2 acid dragons
  A floating eye (shapeshifter) (Vaults:5)
  4 hell hounds (D:3)
  16 swamp worms
  16 water moccasins
  2 floating eyes (D:15)
  5 swamp drakes
  40 orc warriors
  4 black bears
  2 ice beasts (D:9)
  A lindwurm zombie (Crypt:2)
  14 ogres
  A snapping turtle zombie (Crypt:1)
  A boggart (D:15)
  14 wolves
  6 centaurs
  3 kobold brigands (D:15)
  2 phantoms
  4 lemures (D:7)
  24 bullfrogs
  4 necrophages
  A komodo dragon skeleton (Crypt:2)
  A scorpion (D:5)
  5 wights
  A hornet simulacrum (D:9)
  15 killer bees
  13 electric eels
  8 howler monkeys
  2 quasits (D:7)
  A gnoll bouda (D:10)
  2 hounds
  A human zombie (Crypt:1)
  4 centaur zombies (D:9)
  24 orc priests
  3 jellies (Sewer)
  2 human skeletons (Crypt:1)
  A centaur skeleton (Crypt:2)
  3 iguanas
  A sleepcap (D:6)
  Natasha (thrice) (D:3)
  12 orc wizards
  A lightning spire (WizLab)
  A centaur simulacrum (D:9)
  3 mummies
  3 howler monkey zombies (D:9)
  8 adders
  13 gnolls
  A swamp drake skeleton (Crypt:1)
  A shadow imp (D:7)
  4 white imps (D:7)
  An ufetubus (D:5)
  4 dart slugs
  11 worms
  72 orcs
  16 endoplasms
  4 giant cockroaches
  14 goblins
  13 hobgoblins
  4 quokkas
  12 ball pythons
  4 bats
  6 frilled lizards
  16 kobolds
  10 rats
1598 creatures vanquished.

Vanquished Creatures (collateral kills)
  A dread lich (Zot:3)
  An orb of fire (Zot:5)
  2 ancient liches
  Bai Suzhen (Elf:3)
  3 Killer Klowns (Zot:5)
  Saint Roka (Vaults:1)
  3 caustic shrikes (Depths:4)
  6 golden dragons
  4 bone dragons
  An electric golem (Zot:3)
  13 tentacled monstrosities
  A shard shrike skeleton (Crypt:3)
  15 Orb Guardians (Zot:5)
  2 deep elf blademasters (Elf:3)
  A deep elf master archer (Elf:3)
  5 titans
  6 quicksilver dragons
  3 sphinxes
  10 death cobs
  Donald (Vaults:3)
  7 shadow dragons
  3 tengu reavers
  9 storm dragons
  4 draconian monks
  A nagaraja (Depths:1)
  A daeva (D:6)
  3 draconian knights
  A balrug (Depths:2)
  3 fire giants
  4 emperor scorpions (Spider:4)
  8 vault wardens
  2 draconian scorchers
  4 frost giants
  2 ghost moths (Spider:4)
  3 deep elf elementalists (Elf:3)
  2 orc warlords (Vaults:3)
  3 deep elf sorcerers (Elf:3)
  9 ironbound preservers
  An angel (WizLab)
  2 curse skulls
  8 draconian annihilators
  3 war gargoyles
  A juggernaut zombie (Depths:3)
  2 draconian stormcallers
  9 ghouls
  7 very ugly things
  The ghost of Fabaskic the Severer, a journeyman FoFi of Gozag (Elf:2)
  2 draconian shifters
  A reaper (Zot:5)
  A broodmother (Spider:2)
  A formless jellyfish (Vaults:4)
  10 stone giants
  3 black draconians (Zot:1)
  7 green draconians
  9 ironbound thunderhulks
  2 spriggan defenders (Depths:3)
  A vampire knight (Depths:3)
  4 deep elf annihilators (Elf:3)
  5 red draconians
  2 bunyips
  4 deep elf demonologists
  A lorocyproca (Zot:5)
  3 dire elephants (Vaults:2)
  6 purple draconians
  14 yellow draconians
  3 spark wasps
  8 white draconians
  4 crystal guardians
  4 deep elf death magi
  2 blizzard demons
  2 ettins (Depths:4)
  2 eidola (Crypt:2)
  An ettin (shapeshifter) (Depths:1)
  7 fire dragons
  7 jiangshi
  7 great orbs of eyes
  6 yaktaur captains
  An entropy weaver (Vaults:2)
  4 deep elf high priests
  The ghost of ratmeat3 the Grappler, a journeyman TrSh of Okawaru (D:9)
  A quicksilver dragon skeleton (Depths:3)
  A hell beast (D:7)
  8 vault guards
  2 salamander tyrants (WizLab)
  A jorogumo (Spider:2)
  5 peacekeepers
  A hydra (Swamp:2)
  4 ice dragons
  A spriggan skeleton (Crypt:3)
  A spriggan air mage (Depths:1)
  3 ironbound frosthearts
  A boulder beetle (D:15)
  6 naga warriors (Depths:1)
  A radroach (Spider:3)
  3 centaur warriors
  An alligator (Swamp:1)
  A tengu warrior (Depths:3)
  2 deep troll shamans (Depths:3)
  10 dancing weapons
  5 deep troll earth magi
  Urug (Lair:3)
  4 soul eaters (Zot:3)
  3 demonic crawlers
  7 spriggan berserkers
  5 deep elf knights
  2 hell knights (Depths:3)
  4 iron trolls
  17 skeletal warriors
  A golden dragon zombie (Zot:3)
  A sixfirhy (Depths:2)
  2 death drakes (Zot:3)
  A shadow demon (Depths:3)
  A quicksilver dragon simulacrum (Depths:3)
  A spriggan druid (Swamp:4)
  An orb spider (Spider:2)
  20 deep trolls
  4 swamp dragons (Swamp:4)
  2 flayed ghosts
  A sea snake (Depths:1)
  5 spectral wolf spiders (Spider:3)
  2 wizards
  A golden dragon skeleton (Crypt:1)
  10 deep elf archers
  5 ironbound convokers
  A fenstrider witch simulacrum (Crypt:1)
  11 lindwurms
  A necromancer (Depths:3)
  3 steelbarb worms (Spider:4)
  7 phantasmal warriors
  10 wolf spiders
  7 orc knights
  6 wolf spider zombies
  12 deep elf zephyrmancers
  16 ugly things
  An orc sorcerer (Vaults:1)
  11 deep elf pyromancers
  An anaconda skeleton (Crypt:3)
  A manticore (shapeshifter) (Vaults:5)
  17 moths of wrath
  A cyclops (D:15)
  A centaur zombie (Crypt:3)
  A rust devil (Depths:2)
  A fire giant skeleton (Crypt:3)
  An iron dragon skeleton (Crypt:3)
  12 vault sentinels
  3 naga magi (Depths:1)
  3 molten gargoyles (WizLab)
  5 guardian serpents (Depths:1)
  A smoke demon (Depths:4)
  3 torpor snails (Spider:1)
  8 gargoyles
  5 nameless horrors
  3 centaur skeletons (Crypt:3)
  3 redback zombies (Spider:1)
  5 freezing wraiths
  16 yaktaurs
  2 guardian mummies
  A rime drake (Swamp:4)
  2 tengu conjurers (Depths:1)
  A red devil (Depths:2)
  A hellwing (Zot:5)
  A meliai (Spider:1)
  A harpy zombie (Crypt:3)
  A queen bee (shapeshifter) (D:15)
  A moth of wrath zombie (Crypt:1)
  9 tarantellas
  2 hornets
  5 tarantella zombies (Spider:1)
  A hydra zombie (Crypt:3)
  2 wolf spider simulacra (Spider:3)
  3 culicivora zombies (Spider:1)
  An ettin skeleton (Crypt:3)
  18 slime creatures
  13 jumping spiders
  7 culicivoras
  2 spriggans
  An ushabti (Crypt:3)
  A shadow (Crypt:3)
  A satyr skeleton (Crypt:1)
  A ynoxinul (Zot:5)
  2 wraiths
  4 fire dragon skeletons (Crypt:3)
  A black mamba skeleton (Crypt:3)
  A fire elemental (Elf:2)
  28 redbacks
  3 neqoxecs
  A chaos spawn (D:5)
  A warg (Vaults:5)
  A demonspawn skeleton (Crypt:1)
  A water moccasin (Depths:1)
  5 orc warriors
  A hell hound (D:3)
  2 ice beasts (D:9)
  A two-headed ogre skeleton (Crypt:1)
  2 swamp drakes
  4 necrophages
  An earth elemental (WizLab)
  A warg skeleton (Crypt:2)
  A human zombie (Crypt:1)
  A human skeleton (Crypt:1)
  An orc wizard (Vaults:1)
  A lightning spire (WizLab)
  6 mummies
  A swamp drake zombie (Crypt:1)
  2 adders (Depths:1)
  2 white imps (D:9)
  A worm zombie (Crypt:1)
  3 orcs
  3 boulders
814 creatures vanquished.

Vanquished Creatures (others)
  An Orb Guardian (Zot:5)
  Kirke (D:15)
  A green draconian (Zot:1)
  An eleionoma (Swamp:4)
  A salamander tyrant (WizLab)
  An ogre mage (Vaults:5)
  A hydra (Swamp:4)
  A deep elf knight (Elf:3)
  A deep elf archer (Elf:2)
  A deep elf pyromancer (Elf:2)
  A necromancer (Crypt:1)
  A moth of wrath (Zot:4)
  A bloated husk (Swamp:2)
  2 humans (D:15)
  7 boulders
  2 foxfires (Swamp:3)
24 creatures vanquished.

Grand Total: 2436 creatures vanquished

Notes
Turn   | Place    | Note
-------+----------+-------------------------------------------
     0 | D:1      | MrSquiggles the Formicid Earth Elementalist began the quest
                  | for the Orb.
     0 | D:1      | Reached XP level 1. HP: 13/13 MP: 3/3
   220 | D:1      | Reached XP level 2. HP: 18/19 MP: 1/5
   483 | D:1      | Reached skill level 4 in Earth Magic
   774 | D:1      | Reached XP level 3. HP: 24/24 MP: 3/6
  1343 | D:2      | Learned a level 2 spell: Passwall
  1891 | D:2      | Found Lapp's Antique Armour Emporium.
  1987 | D:2      | Reached XP level 4. HP: 30/30 MP: 4/7
  2319 | D:2      | Found a faded altar of an unknown god.
  2594 | D:3      | Noticed Natasha
  2686 | D:3      | Killed Natasha
  2727 | D:3      | Reached XP level 5. HP: 35/35 MP: 7/9
  2727 | D:3      | Found a glowing drain.
  2738 | Sewer    | Entered a sewer
  3057 | Sewer    | Reached skill level 5 in Earth Magic
  3197 | Sewer    | Found a shimmering altar of Xom.
  3205 | Sewer    | Reached XP level 6. HP: 41/41 MP: 6/10
  3575 | D:3      | Noticed Natasha
  3581 | D:3      | Killed Natasha
  3603 | D:3      | Noticed Natasha
  3748 | D:3      | Killed Natasha
  3928 | D:4      | Noticed an ogre
  3931 | D:4      | Killed an ogre
  3932 | D:4      | Reached XP level 7. HP: 46/46 MP: 7/12
  4030 | D:4      | Reached skill level 6 in Earth Magic
  4253 | D:4      | Found a blossoming altar of Fedhas.
  4688 | D:4      | Reached skill level 5 in Transmutations
  4792 | D:4      | Found a shimmering altar of Xom.
  4801 | D:4      | Identified the +2 chain mail "Ighiejoh" {Contam Str+8
                  | Dex+3}
  4843 | D:4      | Found a staircase to the Ecumenical Temple.
  4883 | Temple   | Entered the Ecumenical Temple
  4901 | Temple   | Became a worshipper of Cheibriados the Contemplative
  5175 | D:4      | Learned a level 4 spell: Petrify
  5205 | D:4      | Learned a level 3 spell: Stone Arrow
  5384 | D:5      | Entered Level 5 of the Dungeon
  5390 | D:5      | Gained mutation: You are frail. (-10% HP) [potion of
                  | mutation]
  5390 | D:5      | Lost mutation: You are frail. (-10% HP) [potion of
                  | mutation]
  5444 | D:5      | Reached XP level 8. HP: 52/52 MP: 10/13
  5526 | D:5      | Reached skill level 7 in Earth Magic
  5633 | D:5      | Reached skill level 5 in Stealth
  6337 | D:5      | Reached skill level 8 in Earth Magic
  6606 | D:5      | Reached * piety under Cheibriados
  6607 | D:5      | Reached XP level 9. HP: 56/57 MP: 9/16
  6853 | D:6      | Noticed Jeremiah
  6866 | D:6      | Killed Jeremiah
  6867 | D:6      | Reached skill level 5 in Spellcasting
  6965 | D:6      | Reached skill level 9 in Earth Magic
  7063 | D:6      | Noticed Prince Ribbit
  7362 | D:6      | Reached ** piety under Cheibriados
  7478 | D:6      | Killed Prince Ribbit
  7527 | D:6      | Noticed Menkaure
  7545 | D:6      | Killed Menkaure
  7801 | D:7      | Noticed Maggie
  7820 | D:7      | Killed Maggie
  7821 | D:7      | Reached XP level 10. HP: 40/63 MP: 7/18
  7991 | D:7      | Reached skill level 10 in Earth Magic
  8124 | D:7      | Noticed Pikel
  8214 | D:7      | Killed Pikel
  8842 | D:7      | Found Daudysk's Jewellery Shoppe.
  9128 | D:8      | Found Guidetai's Magic Scroll Emporium.
  9195 | D:8      | Found Lunul's Armour Boutique.
  9211 | D:8      | Found a sacrificial altar of Ru.
  9211 | D:8      | Found a bloodstained altar of Trog.
  9211 | D:8      | Found a sparkling altar of Nemelex Xobeh.
  9213 | D:8      | Found a glowing silver altar of Zin.
  9213 | D:8      | Found a hazy altar of Hepliaklqana.
  9213 | D:8      | Found an ornate altar of the Wu Jian Council.
  9215 | D:8      | Found a white marble altar of Elyvilon.
  9215 | D:8      | Found a shimmering altar of Xom.
  9215 | D:8      | Found a glowing golden altar of the Shining One.
  9230 | D:8      | Found a flagged portal.
  9255 | Bailey   | Entered a bailey
  9290 | Bailey   | Reached *** piety under Cheibriados
  9409 | Bailey   | Reached skill level 11 in Earth Magic
  9425 | Bailey   | Noticed an orc knight
  9444 | Bailey   | Noticed an orc high priest
  9449 | Bailey   | Noticed a soul eater
  9449 | Bailey   | Noticed a sun demon
  9450 | Bailey   | Killed an orc high priest
  9488 | Bailey   | Reached skill level 10 in Transmutations
  9590 | Bailey   | Acquired a staff of earth
  9739 | Bailey   | Found an iron altar of Okawaru.
  9739 | Bailey   | Noticed an orc sorcerer
  9754 | Bailey   | Reached skill level 1 in Fighting
  9754 | Bailey   | Reached XP level 11. HP: 64/70 MP: 8/20
  9760 | Bailey   | Killed an orc sorcerer
  9761 | Bailey   | Reached skill level 1 in Conjurations
  9802 | Bailey   | Identified the +5 rapier of Might {speed, *Rage *Corrode
                  | Str+3 Int+3 Dex+4}
  9970 | Bailey   | Killed an orc knight
 10157 | D:8      | Noticed an orc sorcerer
 10163 | D:8      | Noticed an orc sorcerer
 10168 | D:8      | Killed an orc sorcerer
 10169 | D:8      | Reached skill level 12 in Earth Magic
 10172 | D:8      | Killed an orc sorcerer
 10317 | D:8      | Reached **** piety under Cheibriados
 10401 | D:8      | Bought a scroll of identify for 26 gold pieces
 10599 | D:8      | Found a staircase to the Lair.
 10740 | D:8      | Noticed Grum
 10752 | D:8      | Killed Grum
 10888 | D:8      | Found an ancient bone altar of Kikubaaqudgha.
 10905 | D:8      | Found Gogh's Antique Weapon Boutique.
 10930 | D:8      | Found Haawoan's Armour Shoppe.
 10938 | D:8      | Bought a +0 buckler of cold resistance for 126 gold pieces
 11091 | D:8      | Found Eprygogi's Magic Scroll Shop.
 11099 | D:8      | Bought a scroll of identify for 30 gold pieces
 11099 | D:8      | Bought a scroll of identify for 30 gold pieces
 11099 | D:8      | Bought a scroll of identify for 30 gold pieces
 11099 | D:8      | Bought a scroll of identify for 30 gold pieces
 11279 | D:9      | Found Lemilas's Weapon Shoppe.
 11374 | D:9      | Learned a level 4 spell: Brom's Barrelling Boulder
 11441 | D:9      | Reached skill level 5 in Fighting
 11524 | D:9      | Noticed ratmeat3's ghost (journeyman TrSh)
 11560 | D:9      | Found a runed translucent gate.
 11560 | D:9      | Found a runed translucent gate.
 11560 | D:9      | Found a runed translucent gate.
 11581 | D:9      | Found Wuvepruy's Assorted Antiques.
 11711 | D:9      | Found a staircase to the Orcish Mines.
 11714 | D:9      | Reached ***** piety under Cheibriados
 11898 | D:9      | Found Egrij's Weapon Shoppe.
 12068 | D:9      | Found a basalt altar of Yredelemnul.
 12074 | D:9      | Reached skill level 13 in Earth Magic
 12146 | D:9      | Reached skill level 5 in Conjurations
 12373 | D:9      | Found Xinniw's Magic Scroll Shoppe.
 12595 | D:9      | Reached XP level 12. HP: 86/86 MP: 17/21
 12607 | D:9      | Reached skill level 1 in Invocations
 12608 | D:9      | Reached skill level 1 in Armour
 12680 | D:9      | Found Roqiuk's Distillery.
 12688 | D:9      | Bought a potion of brilliance for 48 gold pieces
 12779 | D:10     | Entered Level 10 of the Dungeon
 12779 | D:10     | Found Bapeari's Distillery.
 12779 | D:10     | Found Ylah's Assorted Antiques.
 12779 | D:10     | Found Kuopusm's Antique Weapon Shop.
 12840 | D:10     | Noticed Snorg
 12850 | D:10     | Killed Snorg
 13045 | D:10     | Noticed a two-headed ogre
 13057 | D:10     | Killed a two-headed ogre
 13349 | D:10     | Noticed Fannar
 13373 | D:10     | Killed Fannar
 13937 | D:10     | Found Ogiojop's Hydra Hut.
 13938 | D:10     | Noticed an eight-headed hydra
 14419 | Lair:1   | Entered Level 1 of the Lair of Beasts
 15492 | Lair:1   | Reached skill level 5 in Invocations
 15744 | Lair:1   | Reached skill level 5 in Armour
 16244 | Lair:1   | Reached XP level 13. HP: 91/91 MP: 19/22
 16251 | Lair:1   | Reached skill level 5 in Dodging
 16504 | Lair:2   | Reached ****** piety under Cheibriados
 16692 | Lair:2   | Noticed an eight-headed hydra
 16704 | Lair:2   | Killed an eight-headed hydra
 17016 | Lair:2   | Found a staircase to the Swamp.
 17022 | Lair:2   | Found a hole to the Spider Nest.
 17147 | Lair:2   | Learned a level 5 spell: Iskenderun's Battlesphere
 17154 | Lair:2   | Learned a level 6 spell: Leda's Unmaking
 18068 | Lair:3   | Noticed a five-headed hydra
 18250 | Swamp:1  | Entered Level 1 of the Swamp
 18279 | Lair:3   | Found a gate leading to a gauntlet.
 18300 | Gauntlet | Entered a Gauntlet
 18300 | Gauntlet | Found a transporter.
 18310 | Gauntlet | Found a transporter.
 18313 | Gauntlet | Found a transporter.
 18314 | Gauntlet | Found a transporter.
 18322 | Gauntlet | Found a transporter.
 18325 | Gauntlet | Found a transporter.
 18326 | Gauntlet | Found a transporter.
 18335 | Gauntlet | Found a transporter.
 18338 | Gauntlet | Found a transporter.
 18339 | Gauntlet | Found a transporter.
 18341 | Gauntlet | Noticed a ghost crab
 18345 | Gauntlet | Found a runed translucent gate.
 18345 | Gauntlet | Found a runed translucent gate.
 18346 | Gauntlet | Found a runed translucent gate.
 18347 | Gauntlet | Found a transporter.
 18350 | Gauntlet | Found a transporter.
 18351 | Gauntlet | Found a transporter.
 18355 | Gauntlet | Found a runed translucent door.
 18355 | Gauntlet | Found a runed translucent door.
 18359 | Gauntlet | Found a transporter.
 18359 | Gauntlet | Noticed a great orb of eyes
 18590 | Gauntlet | Killed a ghost crab
 18671 | Gauntlet | Killed a great orb of eyes
 18927 | Gauntlet | Identified the +2 flail "Juekkej" {heavy, SInv}
 18927 | Gauntlet | Identified the ring "Lysotat" {rF+ rC+ Will++ Str-3 Stlth+}
 18927 | Gauntlet | Noticed a minotaur
 18936 | Gauntlet | Killed a minotaur
 18937 | Gauntlet | Reached skill level 14 in Earth Magic
 19004 | Gauntlet | Got a dusty book
 19008 | Gauntlet | Got a fusty book
 20030 | Lair:3   | Killed a five-headed hydra
 20202 | Lair:3   | Reached XP level 14. HP: 101/101 MP: 12/24
 20385 | Lair:3   | Noticed Urug
 22029 | Lair:4   | Reached skill level 15 in Earth Magic
 22227 | Lair:5   | Entered Level 5 of the Lair of Beasts
 23162 | Lair:5   | Reached skill level 10 in Invocations
 23363 | Lair:5   | Noticed Josephine
 24637 | Lair:5   | Reached XP level 15. HP: 113/113 MP: 24/28
 24666 | Lair:5   | Reached skill level 1 in Summonings
 24964 | Lair:5   | Found a large runed translucent door.
 24964 | Lair:5   | Found a large runed translucent door.
 24965 | Lair:5   | Noticed Tasoil's ghost (journeyman TrSh)
 24965 | Lair:5   | Found the +7 great mace "Firestarter" {flame, immolate,
                  | rFlCloud rF++}
 25048 | Lair:5   | Killed Josephine
 25854 | Lair:5   | Found a runed translucent door.
 25889 | Lair:5   | Found a viscous altar of Jiyva.
 25889 | Lair:5   | Found a staircase to the Slime Pits.
 25889 | Lair:5   | Noticed an acid blob
 26323 | Lair:5   | Reached skill level 5 in Summonings
 27128 | Orc:1    | Entered Level 1 of the Orcish Mines
 27128 | Orc:1    | Found Jyxayss's Antique Armour Boutique.
 27924 | Orc:2    | Entered Level 2 of the Orcish Mines
 27991 | Orc:2    | Found a dark tunnel.
 28028 | Volcano  | Entered a volcano
 28189 | Orc:2    | Noticed Jorgrun
 28206 | Orc:2    | Killed Jorgrun
 28251 | Orc:2    | Found a staircase to the Elven Halls.
 29166 | Orc:2    | Found Bileiz's Magic Scroll Shop.
 29167 | Orc:2    | Found Jiejinim's General Store.
 30356 | Orc:2    | Reached XP level 16. HP: 120/120 MP: 11/29
 30696 | Orc:2    | Found Otabloqi's Jewellery Emporium.
 30696 | Orc:2    | Found Qihy's Antique Armour Shoppe.
 30697 | Orc:2    | Found a one-way gate leading to the halls of Pandemonium.
 30730 | Orc:2    | Bought a scroll of acquirement for 728 gold pieces
 30730 | Orc:2    | Acquired 880 gold pieces
 30732 | Orc:2    | Bought a potion of magic for 112 gold pieces
 30732 | Orc:2    | Bought a phial of floods for 560 gold pieces
 30732 | Orc:2    | Bought a scroll of enchant armour for 105 gold pieces
 30732 | Orc:2    | Bought a potion of brilliance for 56 gold pieces
 30734 | Orc:2    | Bought a scroll of enchant armour for 97 gold pieces
 30734 | Orc:2    | Bought 2 scrolls of enchant armour for 195 gold pieces
 32019 | D:12     | Found a portal to a secret trove of treasure.
 32522 | D:12     | Found a shadowy altar of Dithmenos.
 32540 | D:12     | Noticed pigah's ghost (journeyman OpSh)
 32551 | D:12     | Found a runed translucent door.
 32566 | D:12     | Killed pigah's ghost
 32640 | D:12     | Acquired the ring of Qekaceyg {Fly rN+ Str+6}
 33113 | D:13     | Reached skill level 10 in Summonings
 33656 | D:13     | Reached skill level 10 in Conjurations
 34573 | D:14     | Found a gate to the Vaults.
 36002 | D:14     | Learned a level 4 spell: Animate Armour
 36007 | D:14     | Learned a level 4 spell: Summon Lightning Spire
 36373 | D:15     | Entered Level 15 of the Dungeon
 36373 | D:15     | Found a transporter.
 36690 | D:15     | Found Fashrile's Jewellery Shop.
 36699 | D:15     | Bought an amulet of magic regeneration for 570 gold pieces
 36848 | D:15     | Identified the ring "Nocaci" {Will+ Str+3 Int-5 Stlth+}
 36988 | D:15     | Noticed Kirke
 36994 | D:15     | Reached XP level 17. HP: 122/125 MP: 21/30
 36997 | D:15     | Killed Kirke
 37698 | D:15     | Identified the +9 quarterstaff of the Glowing Genius
                  | {flame, rF+}
 37699 | D:15     | Identified the ring of Wilet {Ice Str+8 Dex-4}
 38004 | D:15     | Found Haomot's Antique Armour Boutique.
 38033 | D:15     | Found a transporter.
 38049 | D:15     | Identified the +7 orcbow of the Eternal Warrior {antimagic,
                  | rC+ Str+3 Int+4 Stlth+}
 38157 | D:15     | Found a staircase to the Depths.
 38477 | D:15     | Reached skill level 10 in Spellcasting
 38570 | D:15     | Identified the ring of Vampov {Drain rF+ rN++}
 38771 | D:15     | Found Ceam's Antique Weapon Shoppe.
 39350 | D:9      | Killed ratmeat3's ghost
 39541 | Lair:3   | Killed Urug
 39590 | Lair:3   | Upgraded the game from 0.31-a0-795-g5eb97db20b to
                  | 0.31-a0-799-g6bc09d010c
 39908 | Swamp:1  | Noticed Frances
 39918 | Swamp:1  | Killed Frances
 40129 | Swamp:1  | Identified the ring of the Firefly {Wiz rPois Str+5}
 40634 | Swamp:2  | Noticed Roxanne
 40828 | Swamp:2  | Killed Roxanne
 41139 | Swamp:2  | Reached XP level 18. HP: 132/132 MP: 23/33
 42874 | Swamp:3  | Learned a level 7 spell: Spellforged Servitor
 42892 | Swamp:4  | Entered Level 4 of the Swamp
 43917 | Swamp:4  | Got a decaying rune of Zot
 44019 | Spider:1 | Entered Level 1 of the Spider Nest
 44748 | Spider:1 | Reached skill level 1 in Shields
 44833 | Spider:1 | Identified the ring of Sophism {rN+ MP-9 Int+6 Dex+2}
 44848 | Spider:1 | Reached XP level 19. HP: 138/138 MP: 21/34
 45815 | Spider:2 | Reached skill level 5 in Shields
 46567 | Spider:3 | Acquired the +3 Elemental Staff {ele, rElec rF+ rC+ AC+3}
 46567 | Spider:3 | Found the +3 Elemental Staff {ele, rElec rF+ rC+ AC+3}
 47211 | Spider:4 | Entered Level 4 of the Spider Nest
 47244 | Spider:4 | Acquired 363 gold pieces
 47642 | Spider:4 | Reached skill level 16 in Earth Magic
 47870 | Spider:4 | Identified the +1 long sword of Fate {drain, rElec rN+}
 48201 | Spider:4 | Reached skill level 17 in Earth Magic
 48412 | Spider:4 | Got a gossamer rune of Zot
 48931 | Elf:1    | Entered Level 1 of the Elven Halls
 48939 | Elf:1    | Found Paicirao's Assorted Antiques.
 48944 | Elf:1    | Bought a faintly humming kite shield for 199 gold pieces
 48944 | Elf:1    | Identified the +1 kite shield "Cirapse" {-Tele rElec rPois
                  | rF+} (You bought it in a shop on level 1 of the Elven
                  | Halls)
 49117 | Elf:1    | Reached XP level 20. HP: 144/144 MP: 24/35
 49236 | Elf:1    | Got a leatherbound book
 49300 | Elf:1    | Reached skill level 10 in Shields
 50051 | Elf:2    | Reached skill level 18 in Earth Magic
 50427 | Elf:2    | Found a runed translucent gate.
 50428 | Elf:2    | Found a runed translucent gate.
 50428 | Elf:2    | Found a runed translucent gate.
 50671 | Elf:2    | Found a runed translucent gate.
 50671 | Elf:2    | Found a runed translucent gate.
 50671 | Elf:2    | Found a runed translucent gate.
 50672 | Elf:2    | Noticed Fabaskic's ghost (journeyman FoFi)
 51164 | Elf:2    | Killed Fabaskic's ghost
 51472 | Elf:2    | Identified the +1 pair of gloves "Zaiffuin" {rPois rC-
                  | Will+ rCorr}
 51547 | Elf:3    | Entered Level 3 of the Elven Halls
 51816 | Elf:3    | Noticed Bai Suzhen
 51827 | Elf:3    | Killed Bai Suzhen
 51882 | Elf:3    | Acquired a +2 tower shield of reflection
 51894 | Elf:3    | Acquired 739 gold pieces
 52363 | Elf:3    | Reached skill level 15 in Shields
 52422 | Elf:3    | Identified the +4 falchion of Traps {speed, Will+}
 52427 | Elf:3    | Reached XP level 21. HP: 151/151 MP: 32/36
 52497 | Elf:3    | Identified the +4 glaive of Zinidac {flame, rPois rC+
                  | Str+4}
 52545 | Elf:3    | Reached skill level 19 in Earth Magic
 52834 | Elf:3    | Identified the +6 war axe "Wummami" {venom, rElec}
 52841 | Elf:3    | Identified the +2 scale mail "Qomurgha" {rElec Slay+2
                  | Stlth+}
 53124 | Elf:3    | Got an illuminated book
 53239 | Elf:3    | Identified the ring "Doaqiseutu" {+Blink Will+ Dex+5}
 53257 | Elf:3    | Identified the +6 war axe "Ampoph" {flame, *Noise rCorr
                  | Str+3}
 53675 | Vaults:1 | Entered Level 1 of the Vaults
 54552 | Vaults:1 | Found a runed translucent gate.
 54552 | Vaults:1 | Found a runed translucent gate.
 54552 | Vaults:1 | Found a runed translucent gate.
 54554 | Vaults:1 | Noticed Qecvurom's ghost (adept DrRe)
 55333 | Vaults:1 | Noticed Saint Roka
 55348 | Vaults:1 | Killed Saint Roka
 55349 | Vaults:1 | Reached skill level 20 in Earth Magic
 55890 | Vaults:2 | Reached XP level 22. HP: 110/159 MP: 5/38
 56088 | Vaults:2 | Reached skill level 10 in Fighting
 56444 | Vaults:2 | Learned a level 5 spell: Borgnjor's Vile Clutch
 57779 | Vaults:3 | Learned a level 7 spell: Monstrous Menagerie
 58300 | Vaults:3 | Noticed Donald
 58316 | Vaults:3 | Killed Donald
 58745 | Vaults:3 | Noticed Boris
 58752 | Vaults:3 | Killed Boris
 59183 | Vaults:3 | Reached XP level 23. HP: 175/175 MP: 12/39
 59252 | Vaults:3 | Found a staircase to the Crypt.
 60292 | Vaults:4 | Found Wuocosit's Weapon Boutique.
 60552 | Vaults:4 | Noticed a golden dragon
 60554 | Vaults:4 | Killed a golden dragon
 60555 | Vaults:4 | Reached skill level 15 in Fighting
 61241 | Vaults:4 | Found Vaxzaw's Assorted Antiques.
 61454 | Crypt:1  | Entered Level 1 of the Crypt
 61628 | Crypt:1  | Found a magical portal.
 61671 | WizLab   | Entered Maxwell's Workshop
 61705 | WizLab   | Reached skill level 10 in Dodging
 61947 | WizLab   | Reached skill level 10 in Armour
 62017 | WizLab   | Identified the +1 robe of the Eleven Visions {rPois rC+
                  | Str+5 Dex-2}
 62018 | WizLab   | Identified the +9 spear "Colehu" {speed, rN+ Int+2}
 62049 | WizLab   | Identified the +5 dagger of Likathrygh {venom, Fly Will+}
 62518 | Crypt:1  | Reached XP level 24. HP: 183/188 MP: 12/39
 62816 | Crypt:2  | Identified the +1 hand axe "Ogreslayer" {heavy, *Slow Str+5
                  | Int+4}
 62947 | Crypt:2  | Found a huge runed gate.
 62948 | Crypt:2  | Found a huge runed gate.
 62948 | Crypt:2  | Found a huge runed gate.
 62949 | Crypt:2  | Found a huge runed gate.
 62950 | Crypt:2  | Found a huge runed gate.
 62951 | Crypt:2  | Found a huge runed gate.
 62951 | Crypt:2  | Found a huge runed gate.
 62952 | Crypt:2  | Found a huge runed gate.
 62952 | Crypt:2  | Found a huge runed gate.
 62953 | Crypt:2  | Found a huge runed gate.
 62953 | Crypt:2  | Found a huge runed gate.
 62954 | Crypt:2  | Found a huge runed gate.
 62955 | Crypt:2  | Found a huge runed gate.
 62955 | Crypt:2  | Found a huge runed gate.
 62955 | Crypt:2  | Noticed Frederick
 63044 | Crypt:2  | Found a huge runed gate.
 63044 | Crypt:2  | Found a huge runed gate.
 63662 | Crypt:2  | Found a huge runed gate.
 63662 | Crypt:2  | Found a huge runed gate.
 63664 | Crypt:2  | Found a huge runed gate.
 63703 | Crypt:2  | Found a huge runed gate.
 63703 | Crypt:2  | Found a huge runed gate.
 63703 | Crypt:2  | Found a huge runed gate.
 63703 | Crypt:2  | Found a huge runed gate.
 63703 | Crypt:2  | Found a huge runed gate.
 63846 | Crypt:2  | Found a huge runed gate.
 63846 | Crypt:2  | Found a huge runed gate.
 63853 | Crypt:2  | Found a huge runed gate.
 63853 | Crypt:2  | Found a huge runed gate.
 63853 | Crypt:2  | Found a huge runed gate.
 63853 | Crypt:2  | Found a huge runed gate.
 63853 | Crypt:2  | Found a huge runed gate.
 63853 | Crypt:2  | Found a huge runed gate.
 63854 | Crypt:2  | Found a huge runed gate.
 63855 | Crypt:2  | Found a huge runed gate.
 63950 | Crypt:3  | Entered Level 3 of the Crypt
 64663 | Crypt:3  | Identified the +9 sling of Truth {drain, Int+3}
 64668 | Crypt:3  | Identified the staff of the Hundredfold Knaves {rPois Str+2
                  | Poison}
 64670 | Crypt:3  | Identified the ring of Acim {Fire *Slow rCorr Int+5}
 65402 | Crypt:3  | Noticed an ancient lich
 65404 | Crypt:3  | Killed an ancient lich
 66208 | Crypt:3  | Found a staircase to the Tomb.
 66279 | Crypt:3  | Noticed an ancient lich
 66282 | Crypt:3  | Killed an ancient lich
 66748 | Depths:1 | Entered Level 1 of the Depths
 66901 | Depths:1 | Found a gateway to Hell.
 67468 | Depths:1 | Reached XP level 25. HP: 175/194 MP: 40/40
 67743 | Depths:1 | Identified the +0 chain mail of Courage {*Slow rF+ Int+5
                  | Dex+4}
 67915 | Depths:1 | Found Jonwu Ufasch's Jewellery Shoppe.
 67915 | Depths:1 | Found Imuem's Book Boutique.
 67944 | Depths:1 | Found Tuulupp's Jewellery Shoppe.
 69259 | Depths:2 | Found a one-way gate to the infinite horrors of the Abyss.
 69307 | Depths:2 | Identified the +3 quarterstaff of Kitheb {heavy, rElec
                  | Will+ rCorr Dex-5}
 69801 | Depths:2 | Found a transporter.
 69805 | Depths:2 | Found a corrupted altar of Lugonu.
 69921 | Depths:2 | Found a transporter.
 70336 | Depths:3 | Upgraded the game from 0.31-a0-799-g6bc09d010c to
                  | 0.31-a0-803-g95b03c3367
 70487 | Depths:3 | Found a one-way gateway to a ziggurat.
 70691 | Depths:3 | Noticed Sojobo
 70787 | Depths:3 | Identified the amulet of Ceidghor {Faith Will+ Regen+}
 70853 | Depths:3 | Found a bloodstained altar of Trog.
 71396 | Depths:3 | Identified the +10 plate armour of Resourcefulness {Fly
                  | Int+4}
 71585 | Depths:3 | Reached skill level 15 in Dodging
 71626 | Depths:3 | Reached skill level 15 in Armour
 71660 | Depths:3 | Learned a level 8 spell: Lehudib's Crystal Spear
 71787 | Depths:3 | Killed Sojobo
 72491 | Depths:4 | Entered Level 4 of the Depths
 72500 | Depths:4 | Reached XP level 26. HP: 201/202 MP: 9/41
 72835 | Depths:4 | Reached skill level 15 in Spellcasting
 72883 | Depths:4 | Found a shimmering blue altar of Sif Muna.
 73192 | Depths:4 | Found a runed translucent gate.
 73193 | Depths:4 | Found a runed translucent gate.
 73204 | Depths:4 | Found an opulent altar of Gozag.
 73204 | Depths:4 | Found a runed translucent gate.
 73218 | Depths:4 | Found Wefy's Weapon Shoppe.
 73221 | Depths:4 | Found Atic's Book Emporium.
 73224 | Depths:4 | Found Pitoos's General Store.
 73543 | Depths:4 | Noticed Xutext's ghost (adept DsAK)
 73544 | Depths:4 | Found Avaohudgh's Assorted Antiques.
 74063 | Depths:4 | Found a gate to the Realm of Zot.
 74180 | Depths:4 | Bought the +1 pair of boots of Paugeera {Drain rF+ Dex+3
                  | SInv} for 511 gold pieces
 74613 | Vaults:5 | Entered Level 5 of the Vaults
 74642 | Vaults:5 | Noticed a dread lich
 74647 | Vaults:5 | Killed a dread lich
 74992 | Vaults:5 | Reached XP level 27. HP: 158/215 MP: 28/44
 75019 | Vaults:5 | Identified the ring of Giptek {+Blink rCorr Int+2 Stlth-}
 75022 | Vaults:5 | Identified the ring "Iles" {Fly rF++ rC- Int+6}
 75079 | Vaults:5 | Identified the +0 sling of the Dove {speed, Int+3}
 75773 | Vaults:5 | Got a silver rune of Zot
 75782 | Vaults:5 | Got a ragged book
 75784 | Vaults:5 | Identified the +1 flail of Haquojimn {drain, rPois Int+3
                  | Stlth+}
 75786 | Vaults:5 | Identified the amulet of Giesogro {Reflect rF+ SH+5}
 75788 | Vaults:5 | Got an uncut book
 75809 | Vaults:5 | Noticed an ancient lich
 75814 | Vaults:5 | Killed an ancient lich
 75905 | Vaults:5 | Identified the +4 short sword of Eternal Night {freeze, rC+
                  | Int+3 Stlth-}
 75973 | Vaults:5 | Identified the +5 orcbow "Ragheu" {flame, rPois Will+
                  | Int+3}
 75973 | Vaults:5 | Identified the +2 spear of the Lurker {pain, rElec rCorr}
 76490 | Vaults:5 | Got a fuliginous book
 76514 | Vaults:5 | Identified the +1 scale mail "Teumiuhaf" {rC+}
 77005 | Zot:1    | Entered Level 1 of the Realm of Zot
 77357 | Zot:1    | Upgraded the game from 0.31-a0-803-g95b03c3367 to
                  | 0.31-a0-810-ga77100ea1a
 78314 | Zot:1    | Reached skill level 21 in Earth Magic
 78936 | D:10     | Bought a phantom mirror for 1320 gold pieces
 78946 | D:10     | Learned a level 5 spell: Freezing Cloud
 78951 | D:10     | Learned a level 4 spell: Olgreb's Toxic Radiance
 79905 | D:12     | You paid a toll of a +5 demon whip to enter a treasure
                  | trove
 79906 | Trove    | Identified Sif Muna's Parchment of Injurious Ectoplasm (Sif
                  | Muna gifted it to you in a treasure trove)
 79906 | Trove    | Entered a treasure trove
 79950 | Trove    | Identified the amulet "Puod" {Spirit -Cast Str+4 Dex+3}
 79953 | Trove    | Identified an amulet "Ezonuom" {RegenMP *Slow rF+++ MP-9
                  | SInv}
 80353 | Zot:1    | Reached skill level 1 in Poison Magic
 80530 | Zot:1    | Reached skill level 1 in Evocations
 80610 | Zot:1    | Reached skill level 1 in Ice Magic
 82598 | Zot:3    | Reached skill level 5 in Evocations
 82882 | Zot:3    | Noticed a dread lich
 82893 | Zot:3    | Killed a dread lich
 83669 | Zot:3    | Identified an amulet of Greed {RegenMP Contam rF+ Str+3
                  | Slay+3}
 83831 | Zot:3    | Identified the +2 battleaxe "Abilaim" {antimagic, Fragile
                  | Fly rN+ SInv}
 85742 | Zot:5    | Entered Level 5 of the Realm of Zot
 86093 | Zot:5    | Identified the ring "Raprephu" {Int+6 Dex+4}
 86950 | Zot:5    | Noticed an ancient lich
 86954 | Zot:5    | Killed an ancient lich
 86982 | Zot:5    | Reached skill level 10 in Evocations
 87169 | Zot:5    | Noticed a Killer Klown
 87177 | Zot:5    | Killed a Killer Klown
 87338 | Zot:5    | Noticed a Killer Klown
 87342 | Zot:5    | Noticed a Killer Klown
 87344 | Zot:5    | Noticed an orb of fire
 87347 | Zot:5    | Killed an orb of fire
 87359 | Zot:5    | Killed a Killer Klown
 87378 | Zot:5    | Killed a Killer Klown
 87725 | Zot:5    | Noticed a Killer Klown
 87733 | Zot:5    | Killed a Killer Klown
 87820 | Zot:5    | Noticed a Killer Klown
 87824 | Zot:5    | Killed a Killer Klown
 88340 | Zot:5    | Noticed an orb of fire
 88344 | Zot:5    | Gained mutation: You are dopey. (Int -2) [an orb of fire]
 88345 | Zot:5    | Killed an orb of fire
 88726 | Zot:5    | Noticed a Killer Klown
 88733 | Zot:5    | Noticed a Killer Klown
 88738 | Zot:5    | Noticed an ancient lich
 88741 | Zot:5    | Killed a Killer Klown
 88746 | Zot:5    | Killed an ancient lich
 88747 | Zot:5    | Killed a Killer Klown
 88886 | Zot:5    | Noticed an orb of fire
 88890 | Zot:5    | Gained mutation: You are frail. (-10% HP) [an orb of fire]
 88892 | Zot:5    | Killed an orb of fire
 88957 | Zot:5    | Lost mutation: You are frail. (-10% HP) [potion of
                  | mutation]
 88957 | Zot:5    | Lost mutation: You are dopey. (Int -2) [potion of mutation]
 88957 | Zot:5    | Gained mutation: A frigid envelope surrounds you and
                  | freezes all who hurt you. [potion of mutation]
 88957 | Zot:5    | Gained mutation: Your spells are a little easier to cast,
                  | but a little less powerful. [potion of mutation]
 88958 | Zot:5    | Lost mutation: A frigid envelope surrounds you and freezes
                  | all who hurt you. [potion of mutation]
 88958 | Zot:5    | Lost mutation: Your spells are a little easier to cast, but
                  | a little less powerful. [potion of mutation]
 88958 | Zot:5    | Gained mutation: Your system is resistant to poisons.
                  | (rPois) [potion of mutation]
 88958 | Zot:5    | Gained mutation: You are strong-willed. (Will+) [potion of
                  | mutation]
 88990 | Zot:5    | Got the Orb of Zot
 88997 | Zot:5    | Noticed Xeroegyukh the pandemonium lord
 89005 | Zot:5    | Killed Xeroegyukh the pandemonium lord
 89028 | Zot:5    | Noticed Zuxien the pandemonium lord
 89039 | Zot:5    | Killed Zuxien the pandemonium lord
 89368 | D:15     | Noticed Rypseuc the pandemonium lord
 89528 | D:6      | Noticed a seraph
 89534 | D:6      | Killed a seraph
 89540 | D:6      | Reached skill level 22 in Earth Magic
 89698 | D:$      | Escaped with the Orb!

Illustrated notes

Levels and vault maps discovered:
D:1:      roderic_crop_circles_arrival_small, layout_basic
D:2:      layout_basic, nicolae_ecumenical_lake_church, serial_shops,
          nicolae_shop_statue_plus
D:3:      layout_basic, portal_sewer_entry_d, minmay_goblin_outpost,
          uniq_natasha
D:4:      layout_gridville, lemuel_tele_altar, temple_hall, minmay_ruined_shrine
D:5:      layout_basic, nicolae_wormholes
D:6:      layout_gridville, minmay_misc_feat_more_columns, uniq_prince_ribbit1,
          uniq_menkaure, uniq_jeremiah
D:7:      layout_cave_pods, serial_demonic, serial_demonic_e, serial_demonic_c,
          serial_demonic_e, serial_demonic_g, serial_shops,
          nicolae_shop_gaudy_bauble, minmay_increasing_density, uniq_pikel,
          uniq_maggie
D:8:      cheibrodos_wizards_tower, layout_basic, nicolae_overflows_in_rows,
          kiku_gazebo_pond_becter, serial_shops, nicolae_shop_tiny_glass, shop,
          shop, nicolae_shop_peninsula, shop_scrolls, enter_bailey_5,
          minmay_misc_feat_enclosed, uniq_grum
D:9:      layout_irregular_city, nicolae_yredelemnul_corpse_copse,
          david_orc_1_choice, gammafunk_ghost_icy, serial_shops, shop, shop,
          nicolae_shop_bloodbath_and_beyond, shop, nicolae_shop_rolling_square
D:10:     layout_basic, corexii_hall_statues_u,
          nicolae_shop_distant_corner_stores, kennysheep_diamond,
          doesnt_shop_hydraphobe, uniq_fannar, uniq_snorg
D:11:     layout_roguey
D:12:     layout_basic, nicolae_trove_entry_crossroad,
          hellmonk_ghost_happy_afterlife, grunt_dithmenos_shadows
D:13:     layout_basic
D:14:     layout_rooms, skrybe_vaults_entry_preservation, kennysheep_nub
D:15:     hangedman_spin_cycle
Temple:   chequers_temple_sunken
Lair:1:   layout_gridlike, grunt_megastairs_1
Lair:2:   layout_long_grid, swamp_mist, spider_nest_entry_a,
          serial_bayou_shore_b, grunt_megastairs_5, infiniplex_staircase_pool_2
Lair:3:   layout_cave_pods, gauntlet_entry_generic, infiniplex_staircase_pool,
          grunt_megastairs_4, lemuel_fruit_fields, uniq_urug, uniq_kirke
Lair:4:   layout_regular_city, minmay_hedge_maze
Lair:5:   minmay_lair_end_frog_pond, layout_cave_pods, slime_entry_2,
          ebering_ghost_disaster_area, uniq_josephine
Swamp:1:  layout_basic_swamp, serial_swamp_ruin, evilmike_swamp_ruin_house_2,
          evilmike_swamp_ruin_house_6, uniq_frances
Swamp:2:  layout_basic_swamp, evilmike_swamp_ruin_house_4, uniq_roxanne
Swamp:3:  layout_basic_swamp, hangedman_swamp_ruin_hall, swamp_pool4
Swamp:4:  swamp_alternative, layout_basic_swamp, swamp_pool1,
          nzn_swamp_dancing_lights
Spider:1: lemuel_spider_zombies, drop_trap
Spider:2: layout_spider_delve
Spider:3: layout_spider_delve, nicolae_spider_undead_wolf_pack
Spider:4: grunt_spider_rune_circles, nicolae_spider_stair_cavern
Orc:1:    layout_caves, basic_altar, serial_shops, shop
Orc:2:    pf_orc_diabolical, layout_caves, nicolae_volcano_entry_batcave,
          uniq_jorgrun
Elf:1:    layout_geoelf_diagonals, serial_shops, nicolae_shop_rolling_square,
          minmay_elf_sorcery
Elf:2:    nicolae_elf_blades_crystal_corner, layout_gridlike,
          gammafunk_ghost_tricky_traps
Elf:3:    minmay_elf_hall_hex, layout_loops_cross, uniq_bai_suzhen
Vaults:1: gammafunk_ghost_necromancy, hangedman_vaults_snaps,
          nicolae_vaults_offset_grid_hallway_1, ontoclasm_vaults_gateway,
          nicolae_vaults_more_shelving_1, nicolae_vaults_hexular_roomagon,
          vaults_dpeg_encased_lava, nicolae_vaults_network_periphery,
          nicolae_vaults_quartermaster, nicolae_vaults_sightless_eye,
          layout_vaults_omnigrid, uniq_saint_roka
Vaults:2: vaults_mumra_bighexcomb, vaults_room_pools, hangedman_vaults_pinch,
          grunt_vaults_trifunnel, hangedman_vaults_nodes, nicolae_vaults_theta,
          nicolae_vaults_bisected_inception,
          vaults_room_grunt_arrival_checkpoint,
          vaults_mumra_minichess_inversion, nicolae_vaults_more_shelving_2,
          nicolae_vaults_trapezoid_3, vaults_room_fancy_cross,
          nicolae_vaults_hexular_roomagon, ontoclasm_vaults_decontamination,
          layout_vaults_omnibox
Vaults:3: nicolae_vaults_cornered_office, ontoclasm_vaults_tryst,
          nicolae_vaults_house_2, nicolae_vaults_doubleplus_tesselated,
          minmay_crypt_entry_simple_sparse, v_alt_pattern_6,
          vaults_room_large_hall, vaults_room_boxed,
          hangedman_vaults_variations, nicolae_vaults_circle_grid_a,
          nicolae_vaults_wine_cellar, nicolae_vaults_apartment_2,
          nicolae_vaults_tetromino_Z_2, nicolae_vaults_storage_room_statues,
          vaults_room_pools, layout_vaults_big_room, uniq_donald, uniq_boris
Vaults:4: nicolae_vaults_triangles, v_misc_19,
          nicolae_vaults_windows_and_doors_thing,
          nicolae_vaults_taking_the_gang_shopping, v_rooms_3, v_misc_26,
          v_misc_31, nicolae_vaults_circle_grid_b, ontoclasm_vaults_fault,
          nicolae_vaults_apartment_1, nicolae_vaults_tetromino_Z_2,
          nicolae_vaults_shelves_hall, layout_vaults_maze_snakey, serial_shops,
          nicolae_shop_overgrown_old_shop, serial_glass
Vaults:5
Crypt:1:  layout_gridlike, mu_enter_wizlab_4, grunt_crypt_arrival_guarded_gate
Crypt:2:  layout_chaotic_city, st_stairs_1, door_vault, lemuel_elevator,
          grunt_megastairs_2, uniq_frederick
Crypt:3:  quadcrypt_mu, uniq_margery
Depths:1: layout_roguey, hell_entry, nicolae_lava_and_water,
          dreamdust_wishing_well, minmay_serpent_palace, minmay_shop_grove
Depths:2: gammafunk_corrupted_shrine, layout_honeycomb, hell_entry, abyss_entry,
          grunt_pan_entry_sceptre, nrook_kobold_shadow_demons
Depths:3: minmay_the_grid_3x2 [minmay_the_grid_dragon_b, minmay_the_grid_fan,
          minmay_the_grid_artifice, minmay_the_grid_x, minmay_the_grid_all_tris,
          minmay_the_grid_prize_inner_circle], layout_cave_shapes,
          enter_ziggurat_b, abyss_entry, hangedman_decor_opposing, hell_entry,
          evilmike_spriggan_trog_shrine, uniq_sojobo
Depths:4: evilmike_zot_entry_hall, layout_cave_pools, ebering_ghost_gozag,
          lightli_too_deep, lemuel_blue_sif_altar, minmay_shop_star
Zot:1:    kennysheep_six_static_rooms, layout_basic
Zot:2:    layout_gridlike
Zot:3:    hangedman_snap_crack_crunch, layout_onion_interference,
          grunt_ministairs_4
Zot:4:    layout_misc_corridors, lemuel_baited_zot_trap
Zot:5:    layout_cellular_growth, lemuel_baited_zot_trap,
          kennysheep_underground_church

Skill      XL: |  1  2  3  4  5  6  7  8  9 10 11 12 13 14 15 16 17 18 19 20 21 22 23 24 25 26 27 |
---------------+----------------------------------------------------------------------------------+-----
Earth Magic    | 4 5 6 8 9 11 13 14 15 17 18 20 22 | 22.0
Transmutations | 2 3 4 5 6 8 10 | 10.0
Stealth        | 3 4 5 7 8 |  8.3
Spellcasting   | 3 4 5 6 7 9 11 12 13 14 17 21 | 21.6
Fighting       | 1 5 6 9 13 15 18 21 | 21.7
Conjurations   | 5 6 9 11 12 14 | 14.9
Dodging        | 4 5 7 11 13 15 | 15.0
Invocations    | 5 9 11 13 14 | 14.0
Armour         | 5 8 10 13 15 | 15.0
Summonings     | 8 11 13 14 | 14.9
Shields        | 1 9 15 18 | 18.0
Poison Magic   | 4 |  4.0
Evocations     | 12 | 12.0
Ice Magic      | 4 |  4.0

Action                     |  1- 3 |  4- 6 |  7- 9 | 10-12 | 13-15 | 16-18 | 19-21 | 22-24 | 25-27 || total
---------------------------+-------+-------+-------+-------+-------+-------+-------+-------+-------++-------
  Melee: Whip              |       |     1 |    17 |       |       |       |       |       |       ||    18
         Short sword       |       |       |     3 |    25 |    37 |     4 |    10 |       |       ||    79
         Punch             |       |       |     1 |       |       |       |       |       |       ||     1
         Staff             |       |       |       |     5 |     2 |     1 |    12 |     3 |    43 ||    66
   Cast: Sandblast         |    44 |    79 |   134 |   397 |   525 |   419 |   412 |   543 |   540 ||  3093
         Petrify           |       |       |     5 |    33 |    32 |    29 |    25 |     5 |       ||   129
         Stone Arrow       |       |       |       |     9 |     3 |       |       |       |       ||    12
         Passwall          |       |       |       |     8 |    13 |    11 |    10 |     3 |    80 ||   125
         Brom's Barrelling |       |       |       |     5 |     3 |    16 |     1 |       |       ||    25
         Iskenderun's Batt |       |       |       |       |   122 |   145 |   130 |   152 |    48 ||   597
         Leda's Unmaking   |       |       |       |       |    84 |   173 |    65 |    77 |    88 ||   487
         Animate Armour    |       |       |       |       |       |    30 |    11 |     5 |     3 ||    49
         Summon Lightning  |       |       |       |       |       |    48 |    65 |    32 |    11 ||   156
         Spellforged Servi |       |       |       |       |       |    27 |   156 |   188 |   310 ||   681
         Borgnjor's Vile C |       |       |       |       |       |       |       |    80 |   259 ||   339
         Monstrous Menager |       |       |       |       |       |       |       |    58 |    58 ||   116
         Lehudib's Crystal |       |       |       |       |       |       |       |       |    40 ||    40
         Olgreb's Toxic Ra |       |       |       |       |       |       |       |       |    26 ||    26
         Freezing Cloud    |       |       |       |       |       |       |       |       |    20 ||    20
 Invoke: Bend Time         |       |       |       |     1 |       |       |       |       |       ||     1
         Slouch            |       |       |       |       |       |       |       |       |     2 ||     2
Ability: Dig               |       |       |       |     1 |     2 |       |     1 |     1 |     3 ||     8
  Evoke: Wand              |       |       |       |    19 |    21 |     4 |    18 |     7 |    41 ||   110
         Lightning rod     |       |       |       |       |     4 |    11 |       |     5 |     2 ||    22
         Phial of floods   |       |       |       |       |       |     1 |       |       |       ||     1
    Use: Scroll            |       |       |    10 |    16 |     7 |     9 |     8 |    13 |    26 ||    89
         Potion            |       |       |     3 |     8 |     6 |       |     4 |     4 |    14 ||    39
   Stab: Petrified         |       |       |    18 |    29 |     3 |       |     3 |       |       ||    53
         Distracted        |       |       |       |       |       |     1 |       |       |       ||     1
         Sleeping          |       |       |       |       |       |       |       |       |     1 ||     1
 Armour: Leather armour    |     8 |    19 |    17 |       |       |       |       |       |       ||    44
         Swamp dragon scal |       |       |       |   153 |   293 |   231 |   294 |   151 |   420 ||  1542
         Skin              |       |       |       |       |       |       |       |       |     2 ||     2
  Dodge: Dodged            |     3 |    13 |    33 |   205 |   451 |   201 |   196 |   192 |   521 ||  1815
  Block: Buckler           |       |       |       |    48 |   126 |    89 |    56 |       |       ||   319
         Kite shield       |       |       |       |       |       |       |    83 |       |       ||    83
         Tower shield      |       |       |       |       |       |       |   105 |   525 |   889 ||  1519
         Reflection        |       |       |       |       |       |       |    25 |    47 |    59 ||   131

Table legend: (Time is in decaauts)
 A = Elapsed time spent in this place.
 B = Non-inter-level travel time spent in this place.
 C = Inter-level travel time spent in this place.
 D = Time resting spent in this place.
 E = Time spent auto-exploring this place.
 F = Levels seen in this place.
 G = Mean time per level.
                   A        B        C        D        E       F      G
               +--------+--------+--------+--------+--------+-----+--------+
         Total | 130694 | 118486 |  12208 |  27302 |  45473 |  57 | 2292.9 |
       Dungeon |  31248 |  28000 |   3248 |   6377 |  14835 |  15 | 2083.2 |
        Temple |     42 |      2 |     40 |      0 |      0 |   1 |   42.0 |
          Lair |  16631 |  15366 |   1265 |   4277 |   7402 |   5 | 3326.2 |
         Swamp |   6306 |   6018 |    288 |   1741 |   2694 |   4 | 1576.5 |
   Spider Nest |   7403 |   6889 |    514 |   1283 |   1452 |   4 | 1850.8 |
  Orcish Mines |   4849 |   4313 |    536 |   1383 |   1008 |   2 | 2424.5 |
   Elven Halls |   6981 |   6703 |    278 |   1049 |   3109 |   3 | 2327.0 |
        Vaults |  16531 |  14507 |   2024 |   2499 |   4282 |   5 | 3306.2 |
         Crypt |   7185 |   6359 |    826 |    989 |   1570 |   3 | 2395.0 |
        Depths |  14127 |  11538 |   2589 |   2014 |   4262 |   4 | 3531.8 |
           Zot |  14974 |  14378 |    596 |   4577 |   3913 |   5 | 2994.8 |
         Trove |    233 |    233 |      0 |      0 |     70 |   1 |  233.0 |
         Sewer |    594 |    594 |      0 |    252 |    160 |   1 |  594.0 |
        Bailey |   1241 |   1241 |      0 |    255 |    193 |   1 | 1241.0 |
       Volcano |    185 |    185 |      0 |      0 |      0 |   1 |  185.0 |
        Wizlab |   1048 |   1048 |      0 |    113 |    300 |   1 | 1048.0 |
      Gauntlet |   1108 |   1108 |      0 |    492 |    222 |   1 | 1108.0 |
               +--------+--------+--------+--------+--------+-----+--------+

Top non-repeatable levels by time:
  Lair:5: 5132 daAuts
Depths:3: 4550 daAuts
   Zot:5: 4417 daAuts
Vaults:1: 4059 daAuts
   Zot:1: 4055 daAuts
 Crypt:3: 4054 daAuts
   Orc:2: 3933 daAuts
    D:15: 3918 daAuts
Vaults:3: 3641 daAuts
Depths:2: 3539 daAuts
     D:9: 3509 daAuts
  Lair:4: 3271 daAuts
Vaults:2: 3213 daAuts
Depths:4: 3127 daAuts
   Zot:3: 3111 daAuts
